 Dungeon Crawl Stone Soup version 0.21-a0-630-g344d351 (webtiles) character file.

55 theanonym the Slasher (level 3, -3/22 HPs)
             Began as a Tengu Gladiator on Dec 26, 2017.
             Slain by a gnoll
             ... wielding a +0 halberd
              (9 damage)
             ... on level 2 of the Dungeon.
             The game lasted 00:01:41 (1034 turns).

theanonym the Slasher (Tengu Gladiator)             Turns: 1034, Time: 00:01:42

Health: -3/22      AC:  3    Str: 15    XL:     3   Next: 93%
Magic:  4/4        EV: 13    Int:  8    God:
Gold:   54         SH:  0    Dex: 15    Spells: 2/2 levels left

rFire    . . .     SeeInvis .   a - +0 long sword
rCold    . . .     Gourm    .   (no shield)
rNeg     . . .     Faith    .   b - +0 leather armour {4}
rPois    .         Spirit   .   c - +0 hat
rElec    .         Reflect  .   (no cloak)
rCorr    .         Harm     .   (no gloves)
MR       .....                  (boots unavailable)
Stlth    +.........             (no amulet)
HPRegen  0.07/turn              (no ring)
MPRegen  0.09/turn              (no ring)

@: no status effects
A: beak, talons 3
a: no special abilities


Innate Abilities, Weirdness & Mutations

You have a beak for a mouth.
You have claws for feet.


   Skills:
 + Level 2.8 Fighting
 * Level 4.6 Long Blades
 - Level 2.0 Throwing
 - Level 3.2 Dodging


You had 2 spell levels left.
You didn't know any spells.

Skill      XL: |  1  2 |
---------------+-------+-----
Long Blades    | 4 |  4.6
Fighting       | |  2.8
Throwing       | |  2.0
Dodging        | |  3.2

Action                   || total
-------------------------++-------
Melee: Long sword        ||    49
       Kick              ||    17
       Peck              ||     5
Armor: Leather armour    ||    11
Dodge: Dodged            ||    40
       Rpst.: Long sword ||    14

Inventory:

Hand Weapons
 a - a +0 long sword (weapon)
Missiles
 d - 3 throwing nets (quivered)
Armour
 b - a +0 leather armour (worn) {4}
 c - a +0 hat (worn)
Scrolls
 f - a scroll of fog {unknown}
 h - 2 scrolls of remove curse {unknown}
 i - 2 scrolls of random uselessness {unknown}
 k - a scroll of identify {unknown}
Potions
 g - a potion of brilliance {unknown}
 l - a potion of cancellation {unknown}
 m - a potion of haste {unknown}
Comestibles
 e - 2 rations
 j - 4 chunks of flesh


You were on level 2 of the Dungeon.
You were not hungry.

You visited 1 branch of the dungeon, and saw 2 of its levels.

You collected 54 gold pieces.

Dungeon Overview and Level Annotations

Branches:
Dungeon (2/15)

Altars:


Message History

The adder misses you.
You riposte.
You hit the adder. Your kick misses the adder. Your peck misses the adder.
You completely miss the adder. Your kick misses the adder.
The adder closely misses you.
The rat twitches its whiskers.
The adder misses you.
You closely miss the adder. Your kick misses the adder. The adder misses you.
You riposte.
You hit the adder.
You kill the adder!
The rat barely misses you.
You barely miss the rat. You claw the rat.
You kill the rat!
No target in view!
Found 8 gold pieces and a coppery potion.
Things that are here:
a rat corpse; an adder corpse The adder barely misses you.
You riposte.
You miss the adder. Your kick misses the adder. Your peck misses the adder.
You slash the adder! Your kick misses the adder. The adder closely misses you.
You hit the adder. Your kick misses the adder. Your peck misses the adder.
The adder barely misses you.
You riposte.
You slash the adder!
You kill the adder!
No target in view!
No target in view!
Search for what [? for help]? armor Unknown command.
g - a coppery potion
i - 2 scrolls labeled DIMOLU VAOCKE
There is a stone staircase leading up here.
You butcher the rat corpse.
j - a chunk of flesh You butcher the adder corpse.
j - 2 chunks of flesh (gained 1)
You see here an adder skeleton. x2
Found a stone staircase leading down.
You now have 36 gold pieces (gained 8).
Key pressed, stopping explore.
k - a scroll labeled QOTTUB GATSOM You now have 50 gold pieces (gained 14).
A bat comes into view.
A bat is nearby!
A bat is nearby!
The bat closely misses you.
Found an emerald potion.
The bat barely misses you.
You riposte.
You slash the bat!
You kill the bat!
No target in view!
No target in view!
No target in view!
No target in view!
No target in view!
A hobgoblin comes into view. It is wielding a club.
Found 25 arrows.
You slash the hobgoblin!
You kill the hobgoblin!
No target in view!
No target in view!
No target in view!
Things that are here:
a club; a hobgoblin corpse You butcher the hobgoblin corpse.
j - 4 chunks of flesh (gained 2)
Things that are here:
a club; a hobgoblin skeleton
Things that are here:
a club; a hobgoblin skeleton
l - an emerald potion
Found a stone staircase leading down.
You now have 54 gold pieces (gained 4).
m - a white potion You see here an adder skeleton. 2 gnolls come into view.
The gnoll shouts!
You hear a shout!
A gnoll and a kobold come into view.
There are monsters nearby!
There are monsters nearby!
There are monsters nearby!
The goblin shouts!
The gnoll throws a throwing net.
The throwing net hits you.
You become entangled in the net!
You see here a throwing net.
You struggle against the net.
You struggle against the net.
You struggle against the net.
The goblin hits you but does no damage.
You rip the net and break free!
The gnoll shouts!
The goblin hits you with a club.
You take 4 damage, and have 18/22 hp.
The gnoll misses you.
You riposte.
You hit the gnoll. Your kick misses the gnoll.
You see here an adder skeleton.
There is a stone staircase leading up here.
You closely miss the goblin. You claw the goblin.
You kill the goblin!
The gnoll hits you with a flail!
Ouch! That really hurt!
* * * LOW HITPOINT WARNING * * *
You take 12 damage, and have 6/22 hp.
MASSIVE DAMAGE!!
The gnoll hits you from afar with a halberd!
You die...

#..##... g. #......#.###.
#.>..g....... ##.##.##.# #
###..##K##.# .. ##....##g##.##
#.##............# #
##.......##g##..(# ..
.........#..g@...##.#
....##......##......#
####...#............#### ..
................##
#.##.....#.........#
......#............#
#.<...#............#####
#......#...............#
...###.#..[.......#.###########
#


You could see 2 gnolls.

Notes
Turn   | Place    | Note
-------+----------+-------------------------------------------
     0 | D:1      | theanonym the Tengu Gladiator began the quest for the Orb.
     0 | D:1      | Reached XP level 1. HP: 12/12 MP: 2/2
    98 | D:1      | Reached XP level 2. HP: 17/17 MP: 3/3
   270 | D:1      | Reached skill level 4 in Long Blades
   320 | D:1      | Reached XP level 3. HP: 20/22 MP: 4/4
   503 | D:1      | You fall through a shaft!
  1033 | D:2      | HP: 6/22 [gnoll/flail (13)]
  1034 | D:2      | Slain by a gnoll

Vanquished Creatures
  2 adders (D:2)
  2 oozes (D:1)
  2 leopard geckos (D:1)
  3 giant cockroaches
  3 goblins
  4 hobgoblins
  2 kobolds (D:1)
  4 bats
  2 frilled lizards (D:1)
  3 rats
27 creatures vanquished.

Table legend:
 A = Turns spent in this place as a percentage of turns spent in the entire game.
 B = Non-inter-level travel turns spent in this place as a percentage of non-inter-level travel turns spent in the entire game.
 C = Inter-level travel turns spent in this place as a percentage of turns spent in this place.
 D = Turns resting spent in this place as a percentage of non-inter-level travel turns spent in this place.
 E = Turns spent auto-exploring this place as a percentage of non-inter-level travel turns spent in this place.
 F = Non-inter-level travel turns spent in this place divided by the number of levels of this place that you've seen.
                   A       B       C       D       E      F
               +-------+-------+-------+-------+-------+----------------------
         Total | 100.0 | 100.0 |   7.7 |   1.9 |  81.9 | 477.0
       Dungeon | 100.0 | 100.0 |   7.7 |   1.9 |  81.9 | 477.0
               +-------+-------+-------+-------+-------+----------------------
